 Dungeon Crawl Stone Soup version 0.30-a0-612-g150a0467c1 (webtiles) character file.

Game seed: 16920691237996758124

9184 Crownlay the Geomancer (level 11, -1/60 HPs)
             Began as a Gargoyle Earth Elementalist on Jan 8, 2023.
             Was a Believer of Vehumet.
             Slain by an orc warrior
             ... wielding a +0 war axe
              (11 damage)
             ... on level 10 of the Dungeon.
             The game lasted 00:21:51 (11026 turns).

Crownlay the Geomancer (GrEE)                      Turns: 11026, Time: 00:21:51

Health: -1/60      AC: 13    Str: 17    XL:     11   Next: 42%
Magic:  19/25      EV: 12    Int: 21    God:    Vehumet [**....]
Gold:   552        SH:  5    Dex: 16    Spells: 22/30 levels left

rFire   . . .      SeeInvis .    G - +5 spear
rCold   . . .      Faith    .    (no shield)
rNeg    + . .      Spirit   .    a - +0 robe
rPois   ∞          Reflect  +    o - +0 helmet
rElec   +          Harm     .    i - +0 cloak {rPois}
rCorr   .          Rampage  .    (no gloves)
Will    .....                    E - +0 pair of boots
Stlth   ++                       u - amulet of reflection
HPRegen 0.30/turn                e - +6 ring of strength
MPRegen 0.19/turn                M - +6 ring of dexterity

@: about to teleport
A: sickness immunity, AC +8, negative energy resistance 1, electricity
resistance, torment resistance 1, petrification resistance
a: Renounce Religion


You were on level 10 of the Dungeon.
You worshipped Vehumet.
Vehumet was pleased with you.
You visited 2 branches of the dungeon, and saw 12 of its levels.
You also visited: Sewer.

You collected 552 gold pieces.

Inventory:

Hand Weapons
 G - a +5 spear (weapon)
Missiles
 x - 2 throwing nets
Armour
 a - a +0 robe (worn)
 i - a +0 cloak of poison resistance (worn)
 o - a +0 helmet (worn)
 t - a +0 kite shield
 E - a +0 pair of boots (worn)
Jewellery
 e - a +6 ring of strength (left hand)
 u - an amulet of reflection (around neck)
 M - a +6 ring of dexterity (right hand)
Wands
 h - a wand of flame (28)
 s - a wand of polymorph (5)
 C - a wand of mindburst (6)
 K - a wand of iceblast (6)
Scrolls
 g - 3 scrolls of enchant weapon {unknown}
 j - 5 scrolls of teleportation
 l - 2 scrolls of enchant armour
 m - 2 scrolls of blinking {unknown}
 n - a scroll of fear
 p - 3 scrolls of fog
 w - 2 scrolls of noise {unknown}
 y - 3 scrolls of amnesia
 A - a scroll of magic mapping {unknown}
 D - 3 scrolls of immolation {unknown}
 I - a scroll of summoning {unknown}
 J - a scroll of identify
Potions
 b - 2 potions of magic
 c - a potion of flight {unknown}
 d - 3 potions of curing
 f - 3 potions of brilliance {unknown}
 k - 3 potions of cancellation {unknown}
 q - a potion of haste
 r - a potion of attraction {unknown}
 v - a potion of mutation {unknown}
 z - 2 potions of lignification {unknown}
 B - 3 potions of might {unknown}
 F - a potion of degeneration {unknown}
 H - a potion of heal wounds {unknown}
 L - a potion of invisibility {unknown}
 N - a potion of ambrosia {unknown}


   Skills:
 + Level 3.3 Fighting
 - Level 1.5 Dodging
 - Level 2.1 Stealth
 + Level 10.4 Spellcasting
 + Level 8.0 Conjurations
 + Level 6.7 Summonings
 - Level 0.7 Transmutations
 - Level 10.4 Earth Magic


You had 22 spell levels left.
You knew the following spells:

 Your Spells              Type           Power      Damage    Failure   Level
a - Sandblast             Erth           100%       2d20      1%          1
b - Stone Arrow           Conj/Erth      98%        3d13      1%          3
c - Petrify               Tmut/Erth      34%        N/A       6%          4

Your spell library contained the following spells:

 Spells                   Type           Power      Damage    Failure   Level
 Dazzling Flash           Conj/Hex       54%        N/A       3%          3
 Summon Small Mammal      Summ           100%       N/A       1%          1
 Momentum Strike          Conj/Tloc      54%        3d9       1%          2
 Passwall                 Tmut/Erth      28%        N/A       1%          2
 Animate Armour           Summ/Erth      94%        N/A       1%          4
 Summon Guardian Golem    Hex/Summ       25%        N/A       4%          3
 Apportation              Tloc           20%        N/A       6%          1
 Necrotise                Necr           40%        1d6       6%          1
 Slow                     Hex            40%        N/A       6%          1
 Iskenderun's Battlesphe  Conj           44%        2d10      6%          5
 Blink                    Tloc           20%        N/A       10%         2
 Ignite Poison            Fire/Tmut/Pois 11%        N/A       17%         3
 Confusing Touch          Hex            10%        N/A       19%         3
 Kindle Blastsparks       Fire/Tloc/Air  20%        2d11      19%         3
 Lesser Beckoning         Tloc           20%        N/A       19%         3
 Vampiric Draining        Necr           10%        2d6       19%         3
 Fireball                 Conj/Fire      13%        3d7       32%         5
 Freezing Cloud           Conj/Ice/Air   11%        6-21      50%         5
 Conjure Ball Lightning   Conj/Air       13%        3x3d6     88%         6
 Orb of Destruction       Conj           22%        9d8       89%         7
 Spellforged Servitor     Conj/Summ      21%        N/A       94%         7
 Lehudib's Crystal Spear  Conj/Erth      24%        10d7      100%        8


Dungeon Overview and Level Annotations

Branches:
Dungeon (11/15)            Temple (1/1) D:4            Lair (0/5) D:11
  Sewer (visited)
    Orc: D:9-12

Altars:
Ashenzari
Dithmenos
Elyvilon
Fedhas
Gozag
Hepliaklqana
Makhleb
Nemelex Xobeh
Okawaru
Qazlal
Ru
Sif Muna
Trog
Uskayaw
Vehumet
Wu Jian
Yredelemnul
Zin
The Shining One

Shops:
D:2 (   D:6 =

Annotations:
D:5 exclusion: oklob plant


Innate Abilities, Weirdness & Mutations

You are immune to sickness and miasma.
Your stone body is resilient. (AC +8)
You are immune to poison.
You resist negative energy. (rN+)
You are resistant to electric shocks. (rElec)
You are resistant to unholy torment.
You are immune to petrification.


Message History

Casting: Stone Arrow (safe; 1% risk of failure)
Confirm with . or Enter, or press ? or * to list all spells.
Aiming: Sandblast (safe; 1% risk of failure)
Press: ? - help, Shift-Dir - straight line, f - vampire mosquito
Aim: a vampire mosquito (76% to hit)
The blast of sand hits the vampire mosquito!!
The vampire mosquito is severely damaged.
The vampire mosquito bites you. The vampire mosquito misses you.
The vampire mosquito bites you!
* * * LOW HITPOINT WARNING * * *
Casting: Sandblast (safe; 1% risk of failure)
Confirm with . or Enter, or press ? or * to list all spells.
Aiming: Sandblast (safe; 1% risk of failure)
Press: ? - help, Shift-Dir - straight line, f/p - vampire mosquito
Aim: a vampire mosquito (severely damaged, 76% to hit)
Okay, then.
As you read the scroll of teleportation, it crumbles to dust.
You feel strangely unstable.
The vampire mosquito bites you but does no damage.
The howler monkey hoots and howls with incredible vigour!
The vampire mosquito bites you but does no damage.
Casting: Sandblast (safe; 1% risk of failure)
Confirm with . or Enter, or press ? or * to list all spells.
Aiming: Sandblast (safe; 1% risk of failure)
Press: ? - help, Shift-Dir - straight line, f/p - vampire mosquito
Aim: a vampire mosquito (severely damaged, 76% to hit)
The blast of sand hits the vampire mosquito!!
You destroy the vampire mosquito!
Vehumet accepts your kill.
The orc warrior hits you with a +0 war axe.
* * * LOW HITPOINT WARNING * * *
Casting: Sandblast (safe; 1% risk of failure)
Confirm with . or Enter, or press ? or * to list all spells.
Aiming: Stone Arrow (safe; 1% risk of failure)
Press: ? - help, Shift-Dir - straight line, f - orc warrior
Aim: an orc warrior, wielding a +0 war axe and wearing a +0 plate armour (76% to hit)
The stone arrow hits the orc warrior!
The orc warrior is moderately wounded.
The orc warrior hits you with a +0 war axe!
You die...

......#########.###.######.......
###...# #.##..# #...####
#...#########.##..######...####
###..............#..#............
.................#..#............
.................#..#............
####...###########..############.
.......###########..#............
.............oho@#..##...........
.........y...#####...############
##########.h.#####... #########
..............# #........
..........h...# ####.....
..#########...# #..... #y.##
####..... #).# ##........ #y.#
#.........


You could see an orc warrior, a vampire mosquito (wandering), a howler monkey
(catching breath) and an orc.

Vanquished Creatures
  A two-headed ogre (D:11)
  An ugly thing (D:10)
  Maurice (D:8)
  A kobold demonologist (D:8)
  3 trolls
  Grinder (D:3)
  A wyvern (D:10)
  Eustachio (D:4)
  10 yaks
  5 vampire mosquitoes
  2 acid dragons
  A water moccasin (D:6)
  2 ice beasts
  2 orc warriors
  2 black bears (D:5)
  4 centaurs
  An ogre (D:4)
  2 phantoms
  6 kobold brigands
  3 scorpions
  4 bullfrogs
  3 necrophages
  2 water moccasin zombies (D:6)
  10 wights
  3 killer bees (D:11)
  A lava snake (D:9)
  2 bullfrog zombies (D:6)
  2 centaur zombies (D:6)
  4 orc priests
  3 hounds
  2 jellies (D:6)
  A gnoll bouda (D:4)
  Jessica (D:2)
  5 iguanas
  9 orc wizards
  2 river rats (Sewer)
  9 adders
  12 gnolls
  3 worms
  4 dart slugs
  26 orcs
  13 ball pythons
  8 endoplasms
  7 giant cockroaches
  11 goblins
  7 hobgoblins
  8 jackals
  3 quokkas
  9 bats
  5 frilled lizards
  17 kobolds
  6 rats
252 creatures vanquished.

Vanquished Creatures (others)
  13 plants
  18 toadstools (D:5)
31 creatures vanquished.

Grand Total: 283 creatures vanquished

Notes
Turn   | Place    | Note
-------+----------+-------------------------------------------
     0 | D:1      | Crownlay the Gargoyle Earth Elementalist began the quest
                  | for the Orb.
     0 | D:1      | Reached XP level 1. HP: 10/10 MP: 3/3
    94 | D:1      | Reached XP level 2. HP: 15/15 MP: 3/5
   558 | D:1      | Reached XP level 3. HP: 19/19 MP: 4/6
  1174 | D:2      | Reached skill level 5 in Earth Magic
  1357 | D:2      | Found a faded altar of an unknown god.
  1365 | D:2      | Found Doimapol's Weapon Boutique.
  1386 | D:2      | Reached XP level 4. HP: 22/24 MP: 0/8
  1560 | D:2      | Noticed Jessica
  1562 | D:2      | Killed Jessica
  1618 | D:2      | Learned a level 3 spell: Stone Arrow
  2070 | D:3      | Found a shimmering blue altar of Sif Muna.
  2079 | D:3      | Found a sparkling altar of Nemelex Xobeh.
  2170 | D:3      | Found a glowing drain.
  2174 | D:3      | Reached XP level 5. HP: 28/28 MP: 5/9
  2232 | Sewer    | Entered a sewer
  2602 | Sewer    | Noticed a kobold brigand
  2610 | Sewer    | Killed a kobold brigand
  2611 | Sewer    | Reached XP level 6. HP: 32/32 MP: 5/11
  3107 | D:3      | Noticed Grinder
  3156 | D:3      | Paralysed by Grinder for 4 turns
  3162 | D:3      | Killed Grinder
  3163 | D:3      | Reached XP level 7. HP: 30/36 MP: 10/13
  3220 | D:3      | Found a broken altar of Ashenzari.
  3577 | D:3      | Found a bloodstained altar of Trog.
  4056 | D:4      | Found a hazy altar of Hepliaklqana.
  4062 | D:4      | Found an ornate altar of the Wu Jian Council.
  4165 | D:4      | Reached XP level 8. HP: 41/41 MP: 10/15
  4210 | D:4      | Found a staircase to the Ecumenical Temple.
  4219 | D:4      | Reached skill level 5 in Spellcasting
  4221 | Temple   | Entered the Ecumenical Temple
  4228 | Temple   | Became a worshipper of Vehumet
  4382 | D:5      | Entered Level 5 of the Dungeon
  4382 | D:5      | Noticed Eustachio
  4422 | D:4      | Killed Eustachio
  4423 | D:4      | Reached skill level 10 in Earth Magic
  4951 | D:6      | Reached skill level 1 in Conjurations
  4959 | D:6      | Found Utriwn's Jewellery Shoppe.
  5072 | D:5      | Reached skill level 1 in Summonings
  5208 | D:5      | Reached XP level 9. HP: 45/45 MP: 15/18
  5417 | D:5      | Found a blossoming altar of Fedhas.
  5436 | D:5      | Noticed an oklob plant
  6095 | D:6      | Found a basalt altar of Yredelemnul.
  6448 | D:7      | Reached * piety under Vehumet
  6448 | D:7      | Offered knowledge of Foxfire by Vehumet.
  7273 | D:8      | Noticed a kobold demonologist
  7279 | D:8      | Killed a kobold demonologist
  7397 | D:8      | Reached skill level 5 in Conjurations
  7397 | D:8      | Reached XP level 10. HP: 50/50 MP: 20/22
  7426 | D:8      | Found a burning altar of Makhleb.
  7564 | D:8      | Noticed Maurice
  7612 | D:8      | Killed Maurice
  7776 | D:8      | Offered knowledge of Searing Ray by Vehumet.
  7946 | D:8      | Reached ** piety under Vehumet
  7956 | D:8      | Reached skill level 5 in Summonings
  9044 | D:9      | Found an iron altar of Okawaru.
  9358 | D:9      | Found a hide-covered altar of Uskayaw.
  9383 | D:9      | Reached skill level 10 in Spellcasting
  9680 | D:10     | Entered Level 10 of the Dungeon
  9680 | D:10     | Noticed a cyan ugly thing
  9685 | D:10     | Killed a cyan ugly thing
  9686 | D:10     | Reached skill level 1 in Fighting
  9686 | D:10     | Reached XP level 11. HP: 56/56 MP: 16/25
  9823 | D:10     | Learned a level 4 spell: Petrify
 10030 | D:10     | Found a stormy altar of Qazlal.
 10471 | D:10     | You fall into a shaft and drop 1 floor!
 10584 | D:11     | Found a staircase to the Lair.
 10776 | D:11     | Noticed a two-headed ogre
 10782 | D:11     | Killed a two-headed ogre
 11010 | D:10     | Offered knowledge of Dazzling Flash by Vehumet.
 11026 | D:10     | Slain by an orc warrior

Illustrated notes

Levels and vault maps discovered:
D:1:      lightli_molten_gateway, layout_basic, kennysheep_nondescript,
          minmay_vboxes
D:2:      layout_loops_cross, shapermc_ecumenical_altar_acropolis, serial_glass,
          glass_columns_a, glass_columns_a, feat_on_display,
          minmay_strange_pillars, serial_shops, shop,
          kennysheep_generic_room_12, uniq_jessica
D:3:      layout_basic, mainiacjoe_overflow_surrounded_room,
          nicolae_ashenzari_skybound, mainiacjoe_overflow_tiny_flanked,
          nemelex_diamond_rough_becter, cheibrodos_sewer_entry_drain,
          st_stairs_11, uniq_grinder
D:4:      layout_gridville, mainiacjoe_overflow_large_starburst, temple_green
D:5:      layout_cave_pools, tgw_fedhas, uniq_eustachio
D:6:      layout_cave_pods, nicolae_yredelemnul_corpse_copse, serial_shops, shop
D:7:      layout_gridville
D:8:      layout_basic, lemuel_crystal_altar, special_room
          [special_room_kobold], minmay_misc_feat_nine_boxes, uniq_maurice
D:9:      layout_cave_pools, kennysheep_mini, okawaru_gym_becter,
          nicolae_lava_and_water
D:10:     minmay_statue_hallways, layout_long_grid, mainiacjoe_overflow_paths
D:11:     layout_stronghold, lair_entry_dummy
Temple:   nicolae_temple_ecumenical_triangle

Skill      XL: |  1  2  3  4  5  6  7  8  9 10 11 |
---------------+----------------------------------+-----
Earth Magic    | 4 5 6 8 9 10 | 10.4
Spellcasting   | 3 4 6 8 10 | 10.4
Conjurations   | 2 5 7 8 |  8.0
Summonings     | 2 4 6 |  6.7
Fighting       | 1 3 |  3.3
Dodging        | |  1.5
Stealth        | |  2.1
Transmutations | |  0.7

Action                   |  1- 3 |  4- 6 |  7- 9 | 10-12 || total
-------------------------+-------+-------+-------+-------++-------
Melee: Dagger            |       |     8 |     2 |     6 ||    16
       Unarmed           |       |    10 |     3 |       ||    13
       Punch             |       |       |       |     1 ||     1
       Spear             |       |       |       |     9 ||     9
 Cast: Sandblast         |    49 |    71 |   191 |    69 ||   380
       Stone Arrow       |       |       |     4 |    60 ||    64
Evoke: Wand              |       |       |       |     2 ||     2
  Use: Scroll            |       |       |     6 |     3 ||     9
       Potion            |       |       |       |     2 ||     2
Armor: Robe              |     5 |    17 |    30 |    44 ||    96
       Skin              |       |     3 |     1 |       ||     4
Dodge: Dodged            |     8 |    27 |    54 |    47 ||   136
Block: Other             |       |       |    24 |    18 ||    42
       Reflection        |       |       |     3 |     3 ||     6

Table legend: (Time is in decaauts)
 A = Elapsed time spent in this place.
 B = Non-inter-level travel time spent in this place.
 C = Inter-level travel time spent in this place.
 D = Time resting spent in this place.
 E = Time spent auto-exploring this place.
 F = Levels seen in this place.
 G = Mean time per level.
                   A        B        C        D        E       F      G
               +--------+--------+--------+--------+--------+-----+--------+
         Total |  11356 |  11002 |    354 |    299 |   9097 |  13 |  873.5 |
       Dungeon |  10369 |  10021 |    348 |    299 |   8258 |  11 |  942.6 |
        Temple |     14 |      8 |      6 |      0 |      0 |   1 |   14.0 |
         Sewer |    972 |    972 |      0 |      0 |    839 |   1 |  972.0 |
               +--------+--------+--------+--------+--------+-----+--------+

Top non-repeatable levels by time:
     D:8: 1586 daAuts
     D:6: 1144 daAuts
     D:2: 1111 daAuts
     D:1: 987 daAuts
   Sewer: 972 daAuts
     D:9: 946 daAuts
     D:3: 935 daAuts
    D:10: 932 daAuts
     D:7: 832 daAuts
     D:5: 764 daAuts
     D:4: 704 daAuts
    D:11: 423 daAuts
  Temple: 14 daAuts
